 Dungeon Crawl Stone Soup version 0.30-a0-722-g3e6e8c874d (webtiles) character file.

Game seed: 17563535543991129133

62024 browni3141 the Cardsharp (level 15, -1/80 HPs)
             Began as a Vine Stalker Fighter on Jan 27, 2023.
             Was a High Priest of Nemelex Xobeh.
             Slain by an ettin
             ... wielding a +0 dire flail
              (11 damage)
             ... on level 2 of the Orcish Mines.
             The game lasted 00:34:30 (17586 turns).

browni3141 the Cardsharp (Vine Stalker Fighter)    Turns: 17586, Time: 00:34:30

Health: -1/80      AC: 23    Str: 31    XL:     15   Next: 4%
Magic:  0/25       EV: 11    Int:  6    God:    Nemelex Xobeh [*****.]
Gold:   1569       SH: 11    Dex: 15    Spells: 14/14 levels left

rFire   + + +      SeeInvis .      - Unarmed
rCold   + . .      Faith    .    b - +1 buckler
rNeg    . . .      Spirit   +    U - +2 chain mail {rF+}
rPois   +          Reflect  +    a - +2 helmet
rElec   .          Harm     +    K - scarf {shadows}
rCorr   .          Rampage  .    Q - +2 pair of gloves "Qorhetec" {rPois rF+ Int-2}
Will    +....                    f - +0 pair of boots Stlth
                                 t - amulet "Itairesch" {Reflect Harm +Blink rF+ Regen+ SH+5}
HPRegen 1.93/turn                x - ring of protection from cold
MPRegen 0.19/turn                R - +6 ring of strength

@: spiked
A: fangs 3, regeneration 1, magic shield, antimagic bite, no potion heal 2
a: Renounce Religion, Evoke Blink, Draw Escape, Draw Destruction, Draw
Summoning, Triple Draw, Deal Four, Stack Five


You were on level 2 of the Orcish Mines.
You worshipped Nemelex Xobeh.
Nemelex Xobeh was extremely pleased with you.
You visited 4 branches of the dungeon, and saw 19 of its levels.

You collected 1569 gold pieces.

Inventory:

Missiles
 g - 29 poisoned darts (quivered)
 q - 3 throwing nets
 y - 15 boomerangs
 A - 3 boomerangs of dispersal
Armour
 a - a +2 helmet (worn)
 b - a +1 buckler (worn)
 f - a +0 pair of boots (worn)
 K - a scarf of shadows (worn)
 Q - the +2 pair of gloves "Qorhetec" (worn) {rPois rF+ Int-2}
   (You found it on level 10 of the Dungeon)

   Int:       It affects your intelligence (-2).
   rF:        It protects you from fire.
   rPois:     It protects you from poison.
 U - a +2 chain mail of fire resistance (worn)
Magical Staves
 n - a staff of air
Jewellery
 l - a ring of magical power
 t - the amulet "Itairesch" (around neck) {Reflect Harm +Blink rF+ Regen+ SH+5}
   (You took it off a gnoll bouda on level 4 of the Dungeon)

   [amulet of reflection]

   It reflects blocked missile attacks.
   rF:        It protects you from fire.
   +Blink:    It lets you blink.
   Regen:     It increases your rate of health regeneration.
   SH:        It affects your SH (+5).
   Harm:      It increases damage dealt and taken.
 x - a ring of protection from cold (left hand)
 E - a ring of willpower
 H - a ring of wizardry
 O - a +6 ring of intelligence
 R - a +6 ring of strength (right hand)
 S - an amulet of magic regeneration
 W - a ring of positive energy
 Y - the ring of Beogh's Supremacy {Will- Str+2 Dex+3 SInv}
   (You found it on level 5 of the Lair of Beasts)

   [ring of see invisible]

   Str:       It affects your strength (+2).
   Dex:       It affects your dexterity (+3).
   SInv:      It lets you see invisible.
   Will:      It decreases your willpower.
Wands
 h - a wand of flame (49)
 C - a wand of digging (5)
 F - a wand of light (6)
 G - a wand of charming (7)
 I - a wand of polymorph (5)
 V - a wand of roots (4)
Scrolls
 e - 3 scrolls of immolation
 i - 4 scrolls of enchant armour
 k - 4 scrolls of vulnerability
 m - 6 scrolls of blinking
 o - 8 scrolls of teleportation
 p - 4 scrolls of magic mapping
 s - a scroll of fear
 v - 3 scrolls of fog
 D - 2 scrolls of enchant weapon
 M - 2 scrolls of amnesia
 N - 2 scrolls of noise
 P - a scroll of silence
Potions
 c - a potion of cancellation {unknown}
 d - 4 potions of brilliance
 j - 2 potions of might
 r - 11 potions of curing
 u - 2 potions of mutation {unknown}
 w - 4 potions of haste {unknown}
 z - 4 potions of degeneration {unknown}
 B - a potion of berserk rage {unknown}
 J - a potion of lignification {unknown}
 L - a potion of attraction {unknown}
 T - 2 potions of flight {unknown}
 X - 2 potions of magic {unknown}


   Skills:
 + Level 10.1 Fighting
 * Level 12.0 Armour
 - Level 5.0 Dodging
 - Level 6.0 Shields
 - Level 12.0 Unarmed Combat
 * Level 12.6 Invocations
 - Level 5.0 Evocations


You had 14 spell levels left.
You didn't know any spells.
Your spell library contained the following spells:

 Spells                   Type           Power      Damage    Failure   Level
 Kiss of Death            Conj/Necr      0%         2d5       92%         1
 Magic Dart               Conj           0%         1d3       92%         1
 Sting                    Tmut/Pois      0%         1d3       92%         1
 Summon Small Mammal      Summ           0%         N/A       92%         1
 Cigotuvi's Dreadful Rot  Necr/Pois/Air  0%         N/A       98%         2
 Lesser Beckoning         Tloc           0%         N/A       98%         2
 Poisonous Vapours        Pois/Air       0%         N/A       98%         2
 Searing Ray              Conj           0%         2d4       98%         2
 Sublimation of Blood     Necr           0%         N/A       98%         2
 Wereblood                Tmut           0%         N/A       98%         2
 Call Canine Familiar     Summ           0%         N/A       100%        3
 Confusing Touch          Hex            0%         N/A       100%        3
 Gell's Gravitas          Tloc           0%         N/A       100%        3
 Mephitic Cloud           Conj/Pois/Air  0%         N/A       100%        3
 Ozocubu's Armour         Ice            0%         N/A       100%        3
 Portal Projectile        Hex/Tloc       0%         N/A       100%        3
 Summon Guardian Golem    Hex/Summ       0%         N/A       100%        3
 Teleport Other           Tloc           0%         N/A       100%        3
 Dispel Undead            Necr           0%         3d6       100%        4
 Fulminant Prism          Conj/Hex       0%         3d5       100%        4
 Leda's Liquefaction      Hex/Erth       0%         N/A       100%        4
 Olgreb's Toxic Radiance  Pois           0%         N/A       100%        4
 Passage of Golubria      Tloc           0%         N/A       100%        4
 Petrify                  Tmut/Erth      0%         N/A       100%        4
 Irradiate                Conj/Tmut      0%         3d11      100%        5
 Metabolic Englaciation   Hex/Ice        0%         N/A       100%        5
 Silence                  Hex/Air        0%         N/A       100%        5
 Simulacrum               Ice/Necr       0%         N/A       100%        6
 Summon Hydra             Summ           0%         N/A       100%        7
 Lehudib's Crystal Spear  Conj/Erth      0%         10d2      100%        8


Dungeon Overview and Level Annotations

Branches:
Dungeon (11/15)            Temple (1/1) D:7            Lair (5/5) D:11
  Swamp (0/4) Lair:3        Snake (0/4) Lair:2        Slime (0/5) Lair:5
    Orc (2/2) D:10
    Elf: Orc:2

Altars:
Ashenzari
Cheibriados
Dithmenos
Elyvilon
Fedhas
Gozag
Hepliaklqana
Kikubaaqudgha
Makhleb
Nemelex Xobeh
Okawaru
Qazlal
Ru
Sif Muna
Trog
Uskayaw
Vehumet
Wu Jian
Xom
Yredelemnul
Zin
The Shining One
Jiyva

Shops:
D:10 (   D:11 ?   Orc:2 (

Annotations:
D:2 1 runed translucent door, Crazy Yiuf
Lair:5 1 runed translucent door, sirJeffrey23's ghost, adept BaGl


Innate Abilities, Weirdness & Mutations

You have razor-sharp teeth.
Your natural rate of healing is unusually fast.
When hurt, damage is shared between your health and your magic reserves.
Your bite disrupts and absorbs the magic of your enemies.
Potions cannot restore your health.


Message History

You blow up the orc priest!
You deal a card...
You have dealt the Orb.
Press: ? - help, Shift-Dir - straight line, f - red devil, p - ettin
Aim: a red devil, wielding a +0 trident (summoned)
You deal a card...
You have dealt the Orb.
Press: ? - help, Shift-Dir - straight line, f - ogre, p - red devil
Aim: an ogre, wielding a +0 giant club The orb fizzles. x2; You deal a card...
You have dealt Wild Magic.
The red devil looks incredibly sick.
The orc emits a flash of light.
The orc high priest's body glows momentarily.
The orc high priest seems to slow down.
Sparks fly from the orc's hands.
The ogre is caught in a fiery explosion.
The orc shivers.
You kill the orc!
The wind whips around the orc knight.
Sparks of electricity dance between the orc warrior's hands!
You feel a surge of magic.
You feel your power returning.
Browni3141's illusion shimmers and vanishes!
The red devil hits you from afar with a +0 trident!
* * * LOW HITPOINT WARNING * * *
Barbed spikes become lodged in your body.
The ettin misses you. You block the ettin's attack.
Unknown command.
You draw a card...
You have drawn the Orb.
Press: ? - help, Shift-Dir - straight line, f/p - ogre
Aim: an ogre, wielding a +0 giant club (lightly wounded)
The orc high priest is no longer moving slowly.
The orc no longer looks unusually strong.
The orb of destruction hits the orc!!!
You blow up the orc!
The red devil hits you from afar with a +0 trident!
* * * LOW HITPOINT WARNING * * *
Barbed spikes become lodged in your body.
The orc high priest mumbles some strange prayers to Beogh.
The ettin hits you with a +0 dire flail!
You die...
Your body glows slightly and disappears.

.......P.....
..............
.......P....P.
......o.....P
#...P....o..
#....)ooO..)
#...4C4....
#.PP@*.....
##..○)8.P..
#...○)P..P
###.....#.
##....# #..##
###


You could see an orc knight (drained), an ettin, an orc high priest (strong,
agile), a hellwing (summoned), a red devil (summoned), an orc warrior (strong),
an ogre (ally target) and an orc (strong).

Vanquished Creatures
  An orc warlord (Orc:2)
  A quicksilver ooze (Lair:5)
  A minotaur (Lair:5)
  The ghost of Dittersdorf the Protected, a journeyman GrFi of Okawaru (Lair:3)
  A shambling mangrove (Lair:3)
  2 hydras (Lair:4)
  An ogre mage (D:10)
  2 catoblepae (Lair:5)
  A two-headed ogre (D:11)
  A boulder beetle (D:10)
  7 death yaks (Lair:5)
  A tengu warrior (D:10)
  An orc high priest (Orc:2)
  2 bog bodies (Lair:3)
  A skeletal warrior (D:10)
  The ghost of crux the Insei, a novice OpTm (D:7)
  An oklob plant (Lair:5)
  2 cyclopes
  A moth of wrath (Lair:3)
  A manticore (D:10)
  7 black mambas
  Joseph (D:9)
  5 elephants (Lair:3)
  9 cane toads
  A torpor snail (Lair:3)
  Maggie (Lair:2)
  A gargoyle (D:11)
  A yaktaur (D:10)
  2 kobold demonologists
  Psyche (D:10)
  5 rime drakes
  11 komodo dragons
  3 trolls
  A wind drake (Lair:5)
  2 polar bears (Lair:5)
  3 hornets (Lair:3)
  6 blink frogs
  4 dream sheep (Lair:5)
  Sigmund (D:2)
  7 spriggans
  2 shadows
  6 wyverns
  A basilisk (Lair:3)
  2 wraiths
  63 yaks
  A steam dragon (D:8)
  2 vampire mosquitoes (D:10)
  2 wargs
  16 water moccasins
  2 nagas (Lair:2)
  A swamp worm (D:11)
  5 acid dragons
  13 orc warriors
  3 sky beasts
  14 wolves
  A boggart (D:10)
  9 centaurs
  2 ogres
  A phantom (D:6)
  9 bullfrogs
  2 kobold brigands
  A necrophage (D:6)
  2 gnoll sergeants
  2 scorpions
  6 wights
  6 killer bees
  An electric eel (Lair:1)
  7 howler monkeys
  2 hounds
  3 jellies
  13 orc priests
  3 gnoll boudas
  4 iguanas
  Terence (D:2)
  Natasha (thrice) (D:2)
  15 orc wizards
  21 gnolls
  12 adders
  A white imp (D:5)
  3 worms
  7 dart slugs
  57 orcs
  7 ball pythons
  7 endoplasms
  5 giant cockroaches
  4 goblins
  5 hobgoblins
  5 jackals
  15 kobolds
  6 quokkas
  8 bats
  6 frilled lizards
  3 rats
500 creatures vanquished.

Vanquished Creatures (collateral kills)
  A quicksilver ooze (Lair:5)
  A shambling mangrove (Lair:3)
  A hydra (Lair:3)
  Erolcha (Orc:1)
  Fannar (Lair:3)
  A catoblepas (Lair:5)
  An orc sorcerer (Orc:1)
  A salamander (Lair:5)
  A black mamba (Lair:2)
  A hornet (Lair:3)
  A raiju (Lair:5)
  A dream sheep (Lair:5)
  4 yaks (Lair:3)
  A basilisk (Lair:2)
  A water moccasin (Lair:5)
  An orc warrior (Orc:1)
  An ogre (Orc:1)
  2 orc wizards (Orc:1)
  9 orcs (Orc:1)
31 creatures vanquished.

Vanquished Creatures (others)
  An orc wizard (D:7)
  24 fungi
  39 plants
64 creatures vanquished.

Grand Total: 595 creatures vanquished

Notes
Turn   | Place    | Note
-------+----------+-------------------------------------------
     0 | D:1      | browni3141 the Vine Stalker Fighter began the quest for the
                  | Orb.
     0 | D:1      | Reached XP level 1. HP: 11/11 MP: 2/2
   139 | D:1      | Reached XP level 2. HP: 16/16 MP: 3/3
   748 | D:1      | Reached XP level 3. HP: 19/19 MP: 4/4
  1300 | D:2      | Noticed Terence
  1481 | D:2      | Killed Terence
  1482 | D:2      | Gained mutation: Your natural rate of healing is unusually
                  | fast. [Vine Stalker growth]
  1482 | D:2      | Reached XP level 4. HP: 17/24 MP: 3/5
  1616 | D:2      | Noticed Sigmund
  1625 | D:2      | Killed Sigmund
  1626 | D:2      | Reached XP level 5. HP: 20/28 MP: 3/6
  1626 | D:2      | Reached XP level 6. HP: 23/32 MP: 3/7
  1777 | D:2      | Noticed Natasha
  1791 | D:2      | Killed Natasha
  1850 | D:2      | Noticed Natasha
  1861 | D:2      | Killed Natasha
  1923 | D:2      | Found a runed translucent door.
  1924 | D:2      | Noticed Crazy Yiuf
  2115 | D:2      | Noticed Natasha
  2126 | D:2      | Killed Natasha
  2517 | D:3      | Identified the +0 leather armour "Tubek" {rCorr}
  2575 | D:3      | Found a snail-covered altar of Cheibriados.
  2576 | D:3      | Found a blossoming altar of Fedhas.
  2673 | D:3      | Reached XP level 7. HP: 37/37 MP: 8/8
  2827 | D:3      | You fall into a shaft and drop 2 floors!
  2827 | D:5      | Entered Level 5 of the Dungeon
  2936 | D:4      | Identified the amulet "Itairesch" {Reflect Harm +Blink rF+
                  | Regen+ SH+5}
  2968 | D:4      | Reached skill level 5 in Unarmed Combat
  3102 | D:3      | Found a faded altar of an unknown god.
  3277 | D:4      | Found a burning altar of Makhleb.
  3277 | D:4      | Noticed a cacodemon
  3281 | D:4      | Noticed a smoke demon
  3281 | D:4      | Noticed a smoke demon
  3471 | D:4      | Found a broken altar of Ashenzari.
  3472 | D:4      | Found a shimmering altar of Xom.
  3475 | D:4      | Found a bloodstained altar of Trog.
  3868 | D:5      | Gained mutation: You have razor-sharp teeth. [Vine Stalker
                  | growth]
  3868 | D:5      | Reached XP level 8. HP: 40/42 MP: 7/9
  4210 | D:6      | Reached skill level 5 in Shields
  4247 | D:6      | Reached skill level 5 in Fighting
  4420 | D:6      | Found a white marble altar of Elyvilon.
  4935 | D:7      | Reached XP level 9. HP: 40/47 MP: 10/10
  5049 | D:7      | Reached skill level 5 in Armour
  5180 | D:7      | Found a staircase to the Ecumenical Temple.
  5198 | Temple   | Entered the Ecumenical Temple
  5221 | Temple   | Became a worshipper of Nemelex Xobeh the Trickster
  5598 | D:7      | Found a runed translucent gate.
  5598 | D:7      | Found a runed translucent gate.
  5599 | D:7      | Found a runed translucent gate.
  5601 | D:7      | Noticed crux's ghost (novice OpTm)
  6405 | D:7      | Found a staircase to the Ecumenical Temple.
  6705 | D:7      | Killed crux's ghost
  6706 | D:7      | Reached skill level 1 in Invocations
  6706 | D:7      | Reached skill level 1 in Evocations
  6706 | D:7      | Reached XP level 10. HP: 53/53 MP: 12/12
  7233 | D:8      | Found an opulent altar of Gozag.
  7281 | D:8      | Reached * piety under Nemelex Xobeh
  7283 | D:8      | Found an iron altar of Okawaru.
  7867 | D:8      | Received a gift from Nemelex Xobeh
  8658 | D:9      | Reached ** piety under Nemelex Xobeh
  8658 | D:9      | Received a gift from Nemelex Xobeh
  8723 | D:9      | Noticed Joseph
  8746 | D:9      | Killed Joseph
  8747 | D:9      | Reached XP level 11. HP: 58/58 MP: 15/15
  8940 | D:9      | Reached skill level 10 in Unarmed Combat
  9061 | D:9      | Reached skill level 5 in Invocations
  9368 | D:10     | Entered Level 10 of the Dungeon
  9428 | D:10     | Found Okhotini's Antique Weapon Boutique.
  9518 | D:10     | Noticed Psyche
  9526 | D:10     | Killed Psyche
  9544 | D:10     | Noticed an ogre mage
  9552 | D:10     | Killed an ogre mage
  9690 | D:10     | Found a blossoming altar of Fedhas.
  9690 | D:10     | Found a burning altar of Makhleb.
  9692 | D:10     | Found a radiant altar of Vehumet.
  9693 | D:10     | Found a sacrificial altar of Ru.
  9741 | D:10     | Noticed a manticore
  9741 | D:10     | Noticed a boulder beetle
  9741 | D:10     | Noticed a cyclops
  9742 | D:10     | Noticed a skeletal warrior
  9761 | D:10     | Killed a skeletal warrior
  9812 | D:10     | Killed a boulder beetle
  9830 | D:10     | Killed a manticore
  9831 | D:10     | Reached XP level 12. HP: 42/63 MP: 18/18
  9845 | D:10     | Identified the +2 pair of gloves "Qorhetec" {rPois rF+
                  | Int-2}
  9949 | D:10     | Found a staircase to the Orcish Mines.
 10061 | D:10     | Noticed a tengu warrior
 10074 | D:10     | Killed a tengu warrior
 10092 | D:10     | Received a gift from Nemelex Xobeh
 10335 | D:11     | Found Geukhle's Magic Scroll Shoppe.
 10335 | D:11     | Noticed a two-headed ogre
 10343 | D:11     | Killed a two-headed ogre
 10413 | D:11     | Noticed a centaur warrior
 10415 | D:11     | Found a staircase to the Lair.
 10419 | D:11     | a centaur warrior changed into a swamp worm
 10989 | D:11     | Reached *** piety under Nemelex Xobeh
 11121 | D:11     | Upgraded the game from 0.30-a0-719-gcc4359ea44 to
                  | 0.30-a0-722-g3e6e8c874d
 11234 | Lair:1   | Entered Level 1 of the Lair of Beasts
 11234 | Lair:1   | Received a gift from Nemelex Xobeh
 11235 | Lair:1   | Identified the +0 hand axe of Kindness {flame, rF+ Will+
                  | Str+2}
 11435 | Lair:1   | Reached skill level 5 in Evocations
 11534 | Lair:1   | Reached skill level 1 in Dodging
 11609 | Lair:1   | Received a gift from Nemelex Xobeh
 12381 | Lair:2   | Identified the +6 arbalest of Hop Calo {drain, *Corrode rC+
                  | Will++ SInv}
 12413 | Lair:2   | Found a staircase to the Snake Pit.
 12446 | Lair:2   | Noticed Maggie
 12460 | Lair:2   | Killed Maggie
 12461 | Lair:2   | Reached XP level 13. HP: 68/68 MP: 20/20
 12834 | Lair:2   | Reached **** piety under Nemelex Xobeh
 13038 | Lair:3   | Noticed Fannar
 13057 | Lair:3   | Killed Fannar
 13090 | Lair:3   | Found a staircase to the Swamp.
 13210 | Lair:3   | Reached skill level 10 in Armour
 13258 | Lair:3   | Noticed Dittersdorf's ghost (journeyman GrFi)
 13262 | Lair:3   | Found a transporter.
 13265 | Lair:3   | Found a transporter.
 13397 | Lair:3   | Received a gift from Nemelex Xobeh
 13551 | Lair:3   | Reached skill level 10 in Invocations
 13692 | Lair:3   | Received a gift from Nemelex Xobeh
 14023 | Lair:3   | an oklob plant changed into a shambling mangrove
 14023 | Lair:3   | Noticed a shambling mangrove
 14032 | Lair:3   | Killed a shambling mangrove
 14042 | Lair:3   | an oklob plant changed into a shambling mangrove
 14042 | Lair:3   | Noticed a shambling mangrove
 14054 | Lair:3   | Killed a shambling mangrove
 14383 | Lair:4   | Identified the +0 quarterstaff "Ocroygaxzua" {flame, rElec
                  | rN+ Will- Dex+7}
 14414 | Lair:4   | Received a gift from Nemelex Xobeh
 14430 | Lair:4   | Reached ***** piety under Nemelex Xobeh
 14529 | Lair:4   | Reached XP level 14. HP: 65/75 MP: 19/23
 14758 | Lair:4   | Received a gift from Nemelex Xobeh
 15063 | Lair:5   | Entered Level 5 of the Lair of Beasts
 15181 | Lair:5   | Found a staircase to the Slime Pits.
 15181 | Lair:5   | Found a viscous altar of Jiyva.
 15549 | Lair:5   | Found a runed translucent door.
 15549 | Lair:5   | Found a shimmering altar of Xom.
 15549 | Lair:5   | Noticed sirJeffrey23's ghost (adept BaGl)
 15653 | Lair:5   | Received a gift from Nemelex Xobeh
 16029 | Lair:5   | a death yak changed into a quicksilver ooze
 16029 | Lair:5   | Noticed a quicksilver ooze
 16036 | Lair:5   | Killed a quicksilver ooze
 16181 | Lair:5   | a death yak changed into a quicksilver ooze
 16181 | Lair:5   | Noticed a quicksilver ooze
 16181 | Lair:5   | Killed a quicksilver ooze
 16182 | Lair:5   | Reached skill level 5 in Dodging
 16194 | Lair:5   | Received a gift from Nemelex Xobeh
 16306 | Lair:5   | Identified the ring of Beogh's Supremacy {Will- Str+2 Dex+3
                  | SInv}
 16777 | Lair:3   | Found a bloodstained altar of Trog.
 16821 | Lair:3   | Reached skill level 10 in Fighting
 16835 | Lair:3   | Killed Dittersdorf's ghost
 17032 | Orc:1    | Entered Level 1 of the Orcish Mines
 17138 | Orc:1    | Noticed Erolcha
 17149 | Orc:1    | Identified the -2 quarterstaff of Foolhardiness {heavy,
                  | rElec Str+3}
 17160 | Orc:1    | Killed Erolcha
 17387 | Orc:1    | Received a gift from Nemelex Xobeh
 17563 | Orc:2    | Entered Level 2 of the Orcish Mines
 17563 | Orc:2    | Noticed an orc warlord
 17563 | Orc:2    | Found Ogou's Antique Weapon Shoppe.
 17569 | Orc:2    | Reached XP level 15. HP: 80/80 MP: 16/25
 17572 | Orc:2    | Killed an orc warlord
 17586 | Orc:2    | Slain by an ettin

Illustrated notes

Levels and vault maps discovered:
D:1:      psy_arrival_wood_between_worlds, layout_loops_ring,
          serial_co_window_serial, co_window_paths_a, co_window_corner_a,
          co_window_paths_a, co_window_paths_a, co_window_paths_a,
          co_window_unsneaky_path_e, co_window_2corner, co_window_corner_cb,
          co_window_paths_c, co_window_cross_3, co_window_of_opportunity_b,
          co_window_4corner_a, glass_columns_b, glass_columns_b,
          glass_columns_b, minmay_misc_feat_tiny, minmay_misc_feat_pillars
D:2:      layout_loops_corners, uniq_natasha, uniq_terence,
          uniq_crazy_yiuf_cottage, uniq_sigmund
D:3:      layout_rooms, mainiacjoe_overflow_big_doors,
          shapermc_ecumenical_altar_acropolis
D:4:      layout_rooms, makhleb_altar_promises_db, minitemple
D:5:      layout_rooms
D:6:      layout_cave_pools, mainiacjoe_overflow_alcove_4
D:7:      layout_loops_ring, minmay_temple_entry_large_hall,
          biasface_ghost_orc_armoury, st_stairs_2, minmay_misc_feat_doors,
          minmay_misc_feat_four_crosses
D:8:      layout_layer_cave, mainiacjoe_overflow_small_starburst,
          nicolae_overflow_crystal_walls, chequers_serial_rivers_marsh
D:9:      layout_roguey, minmay_starry_boxes, uniq_joseph
D:10:     minmay_the_grid_octo_tiled_octocenter
          [minmay_the_grid_octo_thin_diamonds,
          minmay_the_grid_octo_checkerflower, minmay_the_grid_octo_pinwheel,
          minmay_the_grid_octo_shrine, minmay_the_grid_octo_prize_big_c,
          minmay_the_grid_square_5x5_doubleslash,
          minmay_the_grid_square_5x5_three_walls,
          minmay_the_grid_square_5x5_dogpile,
          minmay_the_grid_square_5x5_misaligned], layout_gridville,
          serial_shops, shop, minmay_variable_closet, uniq_psyche
D:11:     layout_rooms, erik_lair_orcish_takeover, serial_corexii_hall,
          corexii_hall_statues_i, corexii_hall_statues_l,
          corexii_hall_statues_u, corexii_hall_statues_l,
          kennysheep_small_square
Temple:   compressed_dpeg_triangle_lava_temple
Lair:1:   layout_loops_ring, serial_bayou_shore_a
Lair:2:   layout_concentric_octagons, guppyfry_snake_entry_island,
          dreamdust_gnoll_shepherd, uniq_maggie
Lair:3:   layout_chaotic_city, skrybe_swamp_entry_bodies,
          gammafunk_ghost_wrathful_warriors, dpeg_oklob_1, serial_bayou_shore_b,
          serial_bayou_shore_b, grunt_megastairs_5, uniq_fannar
Lair:4:   layout_long_grid
Lair:5:   evilmike_catoblepas_cave, layout_misc_corridors, slime_entry_1,
          ebering_ghost_xom, st_stairs_5, columned_hall_lemuel
Orc:1:    layout_caves, basic_altar, uniq_erolcha
Orc:2:    grunt_orc_gardens, layout_caves, grunt_orc_garden, grunt_orc_garden,
          grunt_orc_garden, grunt_orc_garden

Skill      XL: |  1  2  3  4  5  6  7  8  9 10 11 12 13 14 |
---------------+-------------------------------------------+-----
Shields        | 3 4 5 6 |  6.0
Fighting       | 3 4 5 6 7 8 9 10 | 10.1
Unarmed Combat | 3 4 5 7 8 9 11 12 | 12.0
Armour         | 3 4 5 6 8 9 10 12 | 12.0
Invocations    | 1 4 6 8 10 12 | 12.6
Evocations     | 1 2 4 5 |  5.0
Dodging        | 1 3 5 |  5.0

Action                     |  1- 3 |  4- 6 |  7- 9 | 10-12 | 13-15 || total
---------------------------+-------+-------+-------+-------+-------++-------
  Melee: Unarmed           |    88 |   154 |   373 |   620 |   501 ||  1736
         Bite              |    23 |    39 |   109 |   223 |   195 ||   589
  Throw: Dart              |       |     2 |       |     4 |       ||     6
 Invoke: Draw Destruction  |       |       |       |     5 |    23 ||    28
         Draw Summoning    |       |       |       |     3 |    10 ||    13
         Triple Draw       |       |       |       |       |     1 ||     1
         Deal Four         |       |       |       |       |     4 ||     4
         Draw Escape       |       |       |       |       |     1 ||     1
  Evoke: Wand              |       |     5 |       |     1 |     1 ||     7
    Use: Potion            |     1 |       |       |       |       ||     1
         Scroll            |       |       |     4 |       |    12 ||    16
   Stab: Petrified         |       |       |       |       |     1 ||     1
         Distracted        |       |       |       |       |     1 ||     1
 Armour: Scale mail        |    43 |    74 |    82 |       |       ||   199
         Chain mail        |       |       |     7 |   254 |   221 ||   482
  Dodge: Dodged            |    44 |    51 |    96 |   154 |   136 ||   481
  Block: Buckler           |    21 |    33 |   149 |   305 |   219 ||   727
         Reflection        |       |       |    10 |    18 |     1 ||    29

Table legend: (Time is in decaauts)
 A = Elapsed time spent in this place.
 B = Non-inter-level travel time spent in this place.
 C = Inter-level travel time spent in this place.
 D = Time resting spent in this place.
 E = Time spent auto-exploring this place.
 F = Levels seen in this place.
 G = Mean time per level.
                   A        B        C        D        E       F      G
               +--------+--------+--------+--------+--------+-----+--------+
         Total |  17424 |  16332 |   1092 |    373 |  12414 |  19 |  917.1 |
       Dungeon |  10967 |  10223 |    744 |    151 |   7797 |  11 |  997.0 |
        Temple |    234 |    227 |      7 |      0 |    197 |   1 |  234.0 |
          Lair |   5677 |   5345 |    332 |    222 |   4000 |   5 | 1135.4 |
  Orcish Mines |    544 |    536 |      8 |      0 |    419 |   2 |  272.0 |
               +--------+--------+--------+--------+--------+-----+--------+

Top non-repeatable levels by time:
     D:7: 1863 daAuts
     D:8: 1496 daAuts
     D:1: 1345 daAuts
  Lair:3: 1344 daAuts
  Lair:4: 1269 daAuts
  Lair:5: 1242 daAuts
     D:2: 1091 daAuts
  Lair:1: 978 daAuts
    D:10: 940 daAuts
    D:11: 900 daAuts
     D:9: 897 daAuts
  Lair:2: 843 daAuts
     D:6: 652 daAuts
     D:4: 637 daAuts
     D:5: 615 daAuts
